 Dungeon Crawl Stone Soup version 0.25.0-46-gbd7b0854d2 (webtiles) character file.

Game seed: 6967558782288290609

4059 Ethylacetat the Spear-Bearer (level 10, -2/98 HPs)
             Began as a Naga Gladiator on July 14, 2020.
             Was an Elder of Cheibriados.
             Slain by a big kobold
             ... wielding a +0 short sword
              (4 damage)
             ... on level 8 of the Dungeon.
             The game lasted 00:17:09 (8968 turns).

Ethylacetat the Spear-Bearer (Naga Gladiator)       Turns: 8968, Time: 00:17:11

Health: -2/98      AC:  7    Str: 29    XL:     10   Next: 25%
Magic:  10/10      EV: 11    Int: 18    God:    Cheibriados [****..]
Gold:   395        SH:  0    Dex: 21    Spells: 9/9 levels left

rFire    . . .     SeeInvis +   l - +3 trident (protect)
rCold    . . .     Gourm    .   (no shield)
rNeg     . . .     Faith    .   w - +1 steam dragon scales
rPois    +         Spirit   .   c - +0 helmet
rElec    .         Reflect  .   (no cloak)
rCorr    +         Harm     .   (no gloves)
MR       ++...                  (no barding)
Stlth    ++........             (no amulet)
HPRegen  0.26/turn              u - ring of resist corrosion
MPRegen  0.12/turn              g - ring of protection from magic

@: marked, very slightly contaminated, very slow
A: large, see invisible, deformed body, poison resistance, slowness 2, slow
metabolism 1, spit poison 1, AC +3
a: Spit Poison, Bend Time, Temporal Distortion, Slouch, Renounce Religion


You were on level 8 of the Dungeon.
You worshipped Cheibriados.
Cheibriados was greatly pleased with you.
You were hungry.

You visited 2 branches of the dungeon, and saw 9 of its levels.

You collected 395 gold pieces.

Inventory:

Hand Weapons
 k - a +4 vorpal dire flail
 l - a +3 trident of protection (weapon)
Missiles
 d - 4 throwing nets (quivered)
Armour
 c - a +0 helmet (worn)
 w - +1 steam dragon scales (worn)
 y - a +1 leather armour of cold resistance
Jewellery
 g - a ring of protection from magic (right hand)
 u - a ring of resist corrosion (left hand)
 v - a +6 ring of strength
Scrolls
 b - a scroll of enchant weapon {unknown}
 h - a scroll of immolation
 i - 3 scrolls of remove curse
 o - 4 scrolls of identify
 p - a scroll of enchant armour {unknown}
 q - a scroll of magic mapping {unknown}
 t - a scroll of random uselessness {unknown}
Potions
 e - a potion of stabbing {unknown}
 j - a potion of haste {unknown}
 m - 5 potions of curing
 r - a potion of resistance {unknown}
 s - a potion of cancellation {unknown}
 x - a potion of heal wounds {unknown}
Comestibles
 f - 17 rations


   Skills:
 + Level 8.6 Fighting
 * Level 12.0 Polearms
 - Level 1.7 Throwing
 - Level 2.4 Dodging


You had 9 spell levels left.
You didn't know any spells.
Your spell library contained the following spells:

 Spells                   Type           Power        Failure   Level  Hunger
 Magic Dart               Conj           #...         22%         1    ##.....
 Blink                    Tloc           N/A          32%         2    ###....
 Call Imp                 Summ           #.......     32%         2    ###....
 Slow                     Hex            #.......     32%         2    ###....
 Conjure Flame            Conj/Fire      #.......     54%         3    ####...
 Mephitic Cloud           Conj/Pois/Air  #.......     54%         3    ####...


Dungeon Overview and Level Annotations

Branches:
Dungeon (8/15)             Temple (1/1) D:4
   Lair: D:8-11

Altars:
Cheibriados
Dithmenos
Elyvilon
Fedhas
Gozag
Hepliaklqana
Kikubaaqudgha
Makhleb
Nemelex Xobeh
Okawaru
Qazlal
Sif Muna
Trog
Uskayaw
Vehumet
Wu Jian
Xom
Zin

Shops:
D:7 [

Annotations:
D:8 Harold


Innate Abilities, Weirdness & Mutations

You cannot wear boots.
Your serpentine skin is tough. (AC +3)
You have supernaturally acute eyesight. (SInv)
Armour fits poorly on your strangely shaped body.
Your system is resistant to poisons. (rPois)
You cover ground very slowly.
You have a slow metabolism.
You can spit poison.


Message History

The big kobold barely misses you.
The orc priest hits you but does no damage.
Harold hits you with a +0 mace!
* * * LOW HITPOINT WARNING * * *
The kobold hits you with a +0 whip of electrocution.
* * * LOW HITPOINT WARNING * * *
The kobold hits you but does no damage. The big kobold completely misses you.
The kobold completely misses you.
The big kobold hits you with a +0 short sword.
* * * LOW HITPOINT WARNING * * *
The kobold hits you but does no damage.
You are electrocuted!
* * * LOW HITPOINT WARNING * * *
A worker ant comes into view.
The kobold hits you but does no damage.
The orc wizard points at you and mumbles some strange words.
The puff of flame hits you.
* * * LOW HITPOINT WARNING * * *
The orc priest looks satisfied for a moment.
The big kobold hits you with a +0 short sword.
You die...

######### #.......#
#.......###.......###
#..............#.....
#...o####.####.....##
#..oh##.....##.###...
#.KKK#.......#..(....
#sOK.#......K#.......
#oo@KK..a_...so...K@(
####@#.......#K.##KK#
#.#.......#.####.o
#.##.....##.# ###
#.####.####.. ...
..... ...
#...######...# #.#
#.. ..#


You could see Harold, a black bear, a big kobold, an ogre, a scorpion, a worker
ant, an orc priest, an orc wizard (invisible), 2 orcs and 5 kobolds.

Vanquished Creatures
  A deep elf mage (D:7)
  Maggie (D:7)
  A hippogriff (D:5)
  Menkaure (D:5)
  Edmund (D:5)
  An ice beast (D:6)
  2 orc warriors
  2 sky beasts
  2 phantoms
  2 ogres (D:7)
  2 centaurs
  Blork the orc (D:6)
  6 bullfrogs
  A gnoll sergeant (D:7)
  A scorpion (D:4)
  2 howler monkeys (D:5)
  2 vampire bats (D:5)
  7 crimson imps
  2 hounds
  A bullfrog zombie (D:5)
  8 orc priests
  A bullfrog skeleton (D:7)
  6 orc wizards
  Natasha (thrice) (D:4)
  5 worker ants
  A statue (D:7)
  A killer bee zombie (D:5)
  8 adders
  3 gnolls (D:7)
  2 shadow imps
  4 oozes
  4 adder skeletons
  An adder zombie (D:6)
  6 worms
  A dart slug (D:1)
  5 leopard geckos
  18 orcs
  2 ball pythons (D:3)
  A bat skeleton (D:5)
  5 bat zombies (D:5)
  7 giant cockroaches
  5 goblins
  10 hobgoblins
  12 jackals
  6 quokkas
  4 bats
  2 frilled lizards
  3 giant cockroach zombies
  A jackal zombie (D:6)
  9 kobolds
  11 rats
194 creatures vanquished.

Notes
Turn   | Place    | Note
-------+----------+-------------------------------------------
     0 | D:1      | Ethylacetat the Naga Gladiator began the quest for the Orb.
     0 | D:1      | Reached XP level 1. HP: 19/19 MP: 1/1
   413 | D:1      | Reached XP level 2. HP: 16/26 MP: 2/2
   832 | D:1      | Reached XP level 3. HP: 30/33 MP: 3/3
  1180 | D:2      | Reached skill level 4 in Polearms
  1445 | D:2      | Found a blossoming altar of Fedhas.
  1513 | D:2      | Reached XP level 4. HP: 34/40 MP: 4/4
  1626 | D:2      | Found a bloodstained altar of Trog.
  2215 | D:2      | Found a burning altar of Makhleb.
  2215 | D:2      | Noticed a cacodemon
  2643 | D:3      | Reached XP level 5. HP: 33/49 MP: 5/5
  2825 | D:3      | Reached skill level 5 in Polearms
  2877 | D:3      | Found a hazy altar of Hepliaklqana.
  3855 | D:3      | Reached XP level 6. HP: 19/57 MP: 6/6
  4211 | D:4      | Noticed Natasha
  4219 | D:4      | Killed Natasha
  4219 | D:4      | Reached skill level 6 in Polearms
  4276 | D:4      | Noticed Natasha
  4285 | D:4      | Killed Natasha
  4429 | D:4      | Noticed Natasha
  4437 | D:4      | Killed Natasha
  4508 | D:4      | Found a staircase to the Ecumenical Temple.
  4518 | Temple   | Entered the Ecumenical Temple
  4594 | Temple   | Became a worshipper of Cheibriados the Contemplative
  4874 | D:5      | Entered Level 5 of the Dungeon
  4889 | D:5      | Reached XP level 7. HP: 60/66 MP: 7/7
  5135 | D:5      | Reached skill level 7 in Polearms
  5246 | D:5      | Reached skill level 5 in Fighting
  5275 | D:5      | Noticed a hippogriff
  5286 | D:5      | Killed a hippogriff
  5286 | D:5      | Reached * piety under Cheibriados
  5286 | D:5      | Reached XP level 8. HP: 21/75 MP: 8/8
  5559 | D:5      | Noticed Edmund
  5582 | D:5      | Reached skill level 8 in Polearms
  5661 | D:5      | Killed Edmund
  6043 | D:5      | Found an ancient bone altar of Kikubaaqudgha.
  6144 | D:5      | Found an opulent altar of Gozag.
  6286 | D:5      | Noticed Menkaure
  6291 | D:5      | Reached ** piety under Cheibriados
  6292 | D:5      | Killed Menkaure
  6292 | D:5      | Reached skill level 9 in Polearms
  6518 | D:6      | Noticed Blork the orc
  6529 | D:6      | Killed Blork the orc
  6540 | D:6      | Reached XP level 9. HP: 47/85 MP: 9/9
  6706 | D:6      | Found a stormy altar of Qazlal.
  6746 | D:6      | Reached skill level 10 in Polearms
  6982 | D:6      | Found an ancient bone altar of Kikubaaqudgha.
  7429 | D:6      | Found an iron altar of Okawaru.
  7621 | D:6      | Found a glowing silver altar of Zin.
  7658 | D:7      | Noticed Maggie
  7669 | D:7      | Killed Maggie
  7673 | D:7      | Reached *** piety under Cheibriados
  7797 | D:7      | Reached skill level 11 in Polearms
  8032 | D:7      | Found Jutude's Armour Emporium.
  8214 | D:6      | Reached XP level 10. HP: 96/96 MP: 10/10
  8225 | D:7      | Reached **** piety under Cheibriados
  8478 | D:7      | Noticed a deep elf mage
  8481 | D:7      | Noticed an orange demon
  8495 | D:7      | Killed a deep elf mage
  8712 | D:7      | Found a radiant altar of Vehumet.
  8902 | D:8      | Found a white marble altar of Elyvilon.
  8907 | D:8      | Reached skill level 12 in Polearms
  8943 | D:8      | Noticed Harold
  8968 | D:8      | HP: 2/98 [orc wizard/puff of flame (5)]
  8968 | D:8      | Slain by a big kobold

Illustrated notes

Levels and vault maps discovered:
D:1:      lightli_arrival_quake, layout_basic
D:2:      layout_basic, lemuel_doored_altar, makhleb_altar_promises_db,
          trog_butcher_becter
D:3:      wander_river, layout_basic, lemuel_round_altar, first_ration
D:4:      layout_rooms, lemuel_temple_firewalk_a, uniq_natasha
D:5:      layout_rooms, kennysheep_vampire_church, marbit_many_paths,
          uniq_edmund, uniq_menkaure
D:6:      layout_rooms, kennysheep_mini, nicolae_qazlal_eye_of_the_storm,
          overflow_temple_1_default, basic_altar, uniq_blork_the_orc
D:7:      layout_cave_pools, vehumet_statue, serial_shops, shop,
          grunt_ogre_cave, solitary_fountain, guppyfry_early_elven_hall,
          uniq_maggie
D:8:      minmay_bloctagon, layout_rooms, old_standard_altar,
          david_lair_generic, uniq_psyche, uniq_harold, uniq_gastronok
Temple:   minmay_temple_forest_path

Skill      XL: |  1  2  3  4  5  6  7  8  9 10 |
---------------+-------------------------------+-----
Polearms       | 4 5 6 7 9 11 12 | 12.0
Fighting       | 3 4 5 6 8 |  8.6
Throwing       | |  1.7
Dodging        | |  2.4

Action                   |  1- 3 |  4- 6 |  7- 9 | 10-12 || total
-------------------------+-------+-------+-------+-------++-------
Melee: Trident           |    90 |   255 |   129 |    48 ||   522
       Dire flail        |       |       |   154 |       ||   154
 Abil: Spit Poison       |     8 |    25 |    13 |     2 ||    48
  Use: Potion            |       |       |     3 |     1 ||     4
       Scroll            |       |       |     4 |     1 ||     5
 Stab: Sleeping          |     1 |       |       |     1 ||     2
       Distracted        |       |       |     2 |       ||     2
       Invisible         |       |       |     1 |       ||     1
  Eat: Chunk             |     1 |    11 |     6 |     1 ||    19
Armor: Leather armour    |    17 |    55 |    95 |       ||   167
       Steam dragon scal |       |       |    50 |    39 ||    89
Dodge: Dodged            |    51 |   112 |   185 |    40 ||   388
